 Dungeon Crawl Stone Soup version 0.31-a0-940-gdaa99269f9 (webtiles) character file.

Game seed: 1024010502139881815

27 Naiya55 the Chiller (level 3, -4/28 HPs)
             Began as a Naga Ice Elementalist on Oct 21, 2023.
             Killed from afar by Terence (10 damage)
             ... with a puff of flame
             ... on level 2 of the Dungeon.
             The game lasted 00:03:08 (1065 turns).

Naiya55 the Chiller (Naga Ice Elementalist)         Turns: 1065, Time: 00:03:08

Health: -4/28      AC:  2    Str: 10    XL:     3   Next: 10%
Magic:  6/6        EV:  9    Int: 17    God:
Gold:   75         SH:  0    Dex: 11    Spells: 2/6 levels left

rFire   x . .        e - +0 dagger
rCold   + . .        (no shield)
rNeg    . . .        f - +0 leather armour
rPois   +            (no helmet)
rElec   .            (no cloak)
rCorr   .            (no gloves)
SInv    +            (no barding)
Will    .....        (no amulet)
Stlth   ++           c - ring of ice
HPRegen 0.24/turn    (no ring)
MPRegen 0.10/turn

%: no passive effects
@: very slow
A: AC +1, large, see invisible, deformed body, poison resistance, slowness 2,
spit poison 1, naga tail 1
a: Spit Poison


You were on level 2 of the Dungeon.
You visited 1 branch of the dungeon, and saw 2 of its levels.

You collected 114 gold pieces.
You spent 39 gold pieces at shops.

Inventory:

Hand Weapons
 e - a +0 dagger (weapon)
Armour
 f - a +0 leather armour (worn)
Jewellery
 c - a ring of ice (left hand)
Scrolls
 a - a scroll of teleportation
 d - a scroll of enchant armour {unknown}
 g - a scroll of revelation {unknown}
Potions
 b - a potion of magic
 h - a potion of heal wounds {unknown}


   Skills:
 - Level 1.7 Dodging
 - Level 3.3 Stealth
 - Level 2.1 Spellcasting
 + Level 4.6 Ice Magic


You had 2 spell levels left.
You knew the following spells:

 Your Spells              Type           Power      Damage    Failure   Level
a - Freeze                Ice            100%       1d10      3%          1
b - Frozen Ramparts       Ice            52%        1d8       12%         3

Your spell library contained the following spells:

 Spells                   Type           Power      Damage    Failure   Level
 Ozocubu's Armour         Ice            26%        N/A       12%         3
 Summon Ice Beast         Ice/Summ       14%        N/A       69%         4


Dungeon Overview and Level Annotations

Branches:
Dungeon (2/15)

Altars:

Shops:
D:1 =:[?

Annotations:
D:2 Terence


Innate Abilities, Weirdness & Mutations

Your serpentine skin is tough. (AC +1)
You have supernaturally acute eyesight. (SInv)
Armour fits poorly on your strangely shaped body.
Your system is resistant to poisons. (rPois)
You cover ground very slowly.
You can spit poison.
You have a snake-like lower body.


Message History

You finish memorising.
Spell assigned to 'b'.
You now have 66 gold pieces (gained 13).
A bat comes into view.
A bat is nearby!
A bat is nearby!
A bat is nearby!
The bat hits you. x2; The bat barely misses you. x2
You barely miss the bat. Your punch misses the bat. The bat barely misses you.
Casting: Freeze (safe; 3% risk of failure)
Confirm with . or Enter, or press ? or * to list all spells.
Aiming: Freeze (safe; 3% risk of failure)
Press: ? - help, Shift-Dir - straight line, f - bat
Aim: a bat You feel a surge of power!
You miscast Freeze.
You are very lightly contaminated with residual magic.
Nothing appears to happen.
The bat hits you. The bat barely misses you.
Casting: Freeze (safe; 3% risk of failure)
Confirm with . or Enter, or press ? or * to list all spells.
Aiming: Freeze (safe; 3% risk of failure)
Press: ? - help, Shift-Dir - straight line, f/p - bat
Aim: a bat You feel a surge of power!
You freeze the bat!
You kill the bat!
Your magical contamination has completely faded away.
An endoplasm comes into view.
The endoplasm moves out of view.
A dart slug comes into view.
A dart slug is nearby!
A dart slug is nearby!
A dart slug is nearby!
Found 2 glowing green potions.
You now have 75 gold pieces (gained 9).
There are no items here.
Terence the Incautious comes into view.
He is wielding a +0 falchion, wearing a +2 scale mail of fire resistance and carrying a wand of flame.
Found 12 gold pieces.
Terence zaps a wand.
The puff of flame hits you! The fire burns you terribly!
Terence zaps a wand.
The puff of flame hits you! The fire burns you terribly!
* * * LOW HITPOINT WARNING * * *
Terence zaps a wand.
The puff of flame hits you! The fire burns you terribly!
You die...

#..).........#
#.......######
#######..##########+####
........................
...#####.#######......#
. #.# #####......#
#.###..........#
#..##.....##+###
##..#....@##+###
##............#
##.........w.#
##..........#
######....@... #........
#........ #.$......
######...


You could see Terence and a dart slug (wandering).

Vanquished Creatures
  A dart slug (D:1)
  2 bats (D:2)
  3 endoplasms (D:1)
  2 giant cockroaches
  A goblin (D:1)
  4 kobolds
  A quokka (D:1)
  5 ball pythons
  3 rats (D:1)
22 creatures vanquished.

Notes
Turn   | Place    | Note
-------+----------+-------------------------------------------
     0 | D:1      | Naiya55 the Naga Ice Elementalist began the quest for the
                  | Orb.
     0 | D:1      | Reached XP level 1. HP: 15/15 MP: 3/3
    72 | D:1      | Found Wigg's Book Shop.
   109 | D:1      | Found Dihikhlam's Jewellery Shoppe.
   270 | D:1      | Reached XP level 2. HP: 18/22 MP: 1/5
   494 | D:1      | Found Ovviydic's Antique Armour Shoppe.
   544 | D:1      | Found Ref Teec's Magic Scroll Shoppe.
   569 | D:1      | Bought a scroll of teleportation for 39 gold pieces
   983 | D:2      | Reached XP level 3. HP: 28/28 MP: 4/6
   988 | D:2      | Learned a level 3 spell: Frozen Ramparts
  1063 | D:2      | Noticed Terence
  1065 | D:2      | Killed from afar by Terence

Illustrated notes

Levels and vault maps discovered:
D:1:      dpeg_arrival_rooms_b, layout_loops_ring, serial_shops, shop, shop,
          nicolae_square_shop, shop
D:2:      layout_basic, mrwooster_statue_mirror, lightli_corner_chamber,
          uniq_robin, uniq_jessica, uniq_terence

Action                     || total
---------------------------++-------
  Melee: Unarmed           ||     2
         Dagger            ||     5
   Cast: Freeze            ||    29
 Armour: Robe              ||     9
         Leather armour    ||    15
  Dodge: Dodged            ||    21

Table legend: (Time is in decaauts)
 A = Elapsed time spent in this place.
 B = Non-inter-level travel time spent in this place.
 C = Inter-level travel time spent in this place.
 D = Time resting spent in this place.
 E = Time spent auto-exploring this place.
 F = Levels seen in this place.
 G = Mean time per level.
                   A        B        C        D        E       F      G
               +--------+--------+--------+--------+--------+-----+--------+
         Total |   1340 |   1291 |     49 |     33 |    983 |   2 |  670.0 |
       Dungeon |   1340 |   1291 |     49 |     33 |    983 |   2 |  670.0 |
               +--------+--------+--------+--------+--------+-----+--------+

Top non-repeatable levels by time:
     D:1: 1107 daAuts
     D:2: 232 daAuts
